 Dungeon Crawl Stone Soup version 0.30-a0-424-g7412bad402 (webtiles) character file.

Game seed: 5075701402386727730

261 p00ps00p the Trooper (level 6, -2/56 HPs)
             Began as a Hill Orc Fighter on Dec 9, 2022.
             Succumbed to an orc's poison
             ... on level 4 of the Dungeon.
             The game lasted 00:05:04 (2481 turns).

p00ps00p the Trooper (Hill Orc Fighter)             Turns: 2481, Time: 00:05:05

Health: -2/56      AC:  8    Str: 21    XL:     6   Next: 18%
Magic:  6/6        EV:  9    Int:  8    God:
Gold:   284        SH:  4    Dex: 10    Spells: 5/5 levels left

rFire   . . .      SeeInvis .    a - +0 war axe
rCold   . . .      Faith    .    c - +0 buckler
rNeg    . . .      Spirit   .    b - +0 scale mail
rPois   .          Reflect  .    (no helmet)
rElec   .          Harm     .    (no cloak)
rCorr   .          Rampage  .    (no gloves)
Will    .....                    l - +0 pair of boots
Stlth   ..........               (no amulet)
HPRegen 0.29/turn                (no ring)
MPRegen 0.10/turn                (no ring)

@: lethally poisoned (-2 -> -18)
A: no striking features
a: no special abilities


You were on level 4 of the Dungeon.
You visited 1 branch of the dungeon, and saw 4 of its levels.

You collected 284 gold pieces.

Inventory:

Hand Weapons
 a - a +0 war axe (weapon)
 j - a +0 hand axe of flaming
Armour
 b - a +0 scale mail (worn)
 c - a +0 buckler (worn)
 l - a +0 pair of boots (worn)
Wands
 e - a wand of paralysis (7)
Scrolls
 f - a scroll of noise
 g - 3 scrolls of enchant armour
 i - a scroll of poison


   Skills:
 + Level 5.0 Fighting
 + Level 4.7 Axes
 + Level 4.6 Armour
 + Level 4.6 Shields


You had 5 spell levels left.
You didn't know any spells.
Your spell library contained the following spells:

 Spells                   Type           Power      Damage    Failure   Level
 Dazzling Flash           Conj/Hex       0%         N/A       99%         3
 Agony                    Necr           0%         N/A       100%        5
 Silence                  Hex/Air        0%         N/A       100%        5


Dungeon Overview and Level Annotations

Branches:
Dungeon (4/15)
 Temple: D:4-7

Altars:
Nemelex Xobeh

Annotations:
D:3 1 runed translucent door, GiantSquids's ghost, amateur MfBe


Message History

You feel sick.
The orc hits you with a +1 hand axe of venom.
You are more poisoned.
The orc hits you but does no damage. The orc closely misses you.
An endoplasm comes into view.
The gnoll hits you from afar with a +0 halberd.
The ball python bites you. The ball python grabs you.
The ball python constricts you.
It was a potion of magic.
Magic courses through your body.
You feel very sick.
The endoplasm quivers.
The ball python closely misses you. The ball python constricts you.
The orc barely misses you. The orc hits you but does no damage.
The orc barely misses you.
The gnoll hits you from afar with a +0 halberd!
* * * LOW HITPOINT WARNING * * *
You slash the orc!
You kill the orc!
You hit the orc. You slash the ball python!
You kill the ball python!
You hit the orc but do no damage.
* * * LOW HITPOINT WARNING * * *
You feel very sick. You block the orc's attack. The orc closely misses you.
The gnoll barely misses you.
As you read the scroll of fog, it crumbles to dust.
The scroll dissolves into smoke.
* * * LOW HITPOINT WARNING * * *
You feel sick. The orc hits you with a +0 short sword.
* * * LOW HITPOINT WARNING * * *
The orc hits you but does no damage.
You are more poisoned.
You block the gnoll's attack.
There is a lethal amount of poison in your body!
There is a lethal amount of poison in your body!
There is a lethal amount of poison in your body!
There is a lethal amount of poison in your body!
There is a lethal amount of poison in your body!
There is a lethal amount of poison in your body!
You die...

#......###
#........#
#..#######
#### # #.
#..
#.§######
#§g@§§.#
.....go§o§.#
.....g#§§§.#
..J........#
..... .....#
.###.......#
# ......#
.......#


You could see 3 gnolls and 2 orcs.

Vanquished Creatures
  Pargi (D:3)
  An orc priest (D:4)
  A hound (D:2)
  Ijyb (D:3)
  3 adders
  A dart slug (D:2)
  3 orcs
  8 ball pythons
  4 bats (D:1)
  3 endoplasms
  2 giant cockroaches (D:3)
  9 goblins
  6 hobgoblins
  4 kobolds
  3 quokkas
  2 frilled lizards
  3 rats
55 creatures vanquished.

Notes
Turn   | Place    | Note
-------+----------+-------------------------------------------
     0 | D:1      | p00ps00p the Hill Orc Fighter began the quest for the Orb.
     0 | D:1      | Reached XP level 1. HP: 19/19 MP: 1/1
    27 | D:1      | Found a faded altar of an unknown god.
   143 | D:1      | Reached XP level 2. HP: 27/27 MP: 2/2
   334 | D:1      | Reached skill level 4 in Fighting
   394 | D:1      | Reached XP level 3. HP: 29/33 MP: 3/3
   650 | D:2      | Reached XP level 4. HP: 26/41 MP: 4/4
   850 | D:2      | Identified the +0 leather armour of the Snail {Regen+ rCorr
                  | Str-4 Dex+3}
  1543 | D:3      | Found a sparkling altar of Nemelex Xobeh.
  1553 | D:3      | Noticed Pargi
  1561 | D:3      | Killed Pargi
  1562 | D:3      | Reached XP level 5. HP: 38/47 MP: 5/5
  1684 | D:3      | Noticed Ijyb
  1693 | D:3      | Paralysed by Ijyb for 5 turns
  1700 | D:3      | Killed Ijyb
  1892 | D:3      | Noticed GiantSquids's ghost (amateur MfBe)
  1898 | D:3      | Found a runed translucent door.
  2088 | D:3      | Reached skill level 5 in Fighting
  2088 | D:3      | Reached XP level 6. HP: 56/56 MP: 6/6
  2480 | D:4      | HP: 1/56 [orc/+0 short sword (3)]
  2481 | D:4      | Succumbed to an orc's poison

Illustrated notes

Levels and vault maps discovered:
D:1:      dpeg_arrival_shrine, layout_rooms, chequers_ecumenical_altar_island,
          st_stairs_8, minmay_misc_feat_room
D:2:      layout_loops_ring, minmay_increasing_density
D:3:      layout_basic, nemelex_xobeh_ov_fountains_minmay,
          hellmonk_ghost_happy_afterlife, nicolae_kite_square_tiling_tiny,
          grunt_ministairs_13, uniq_pargi, uniq_ijyb
D:4:      minmay_door_path, layout_rooms, overflow_temple_1_default,
          mainiacjoe_overflow_divided_tiny, mainiacjoe_overflow_brackets,
          ebering_ghost_sewer_f

Skill      XL: |  1  2  3  4  5 |
---------------+----------------+-----
Axes           | 3 4 |  4.7
Fighting       | 4 5 |  5.0
Armour         | 4 |  4.6
Shields        | 4 |  4.6

Action                   |  1- 3 |  4- 6 || total
-------------------------+-------+-------++-------
Melee: War axe           |    76 |    77 ||   153
  Use: Scroll            |     3 |     4 ||     7
       Potion            |       |     2 ||     2
Armor: Scale mail        |    66 |    42 ||   108
Dodge: Dodged            |    60 |    46 ||   106
Block: Buckler           |    26 |    30 ||    56

Table legend: (Time is in decaauts)
 A = Elapsed time spent in this place.
 B = Non-inter-level travel time spent in this place.
 C = Inter-level travel time spent in this place.
 D = Time resting spent in this place.
 E = Time spent auto-exploring this place.
 F = Levels seen in this place.
 G = Mean time per level.
                   A        B        C        D        E       F      G
               +--------+--------+--------+--------+--------+-----+--------+
         Total |   2539 |   2394 |    145 |      0 |   1763 |   4 |  634.8 |
       Dungeon |   2539 |   2394 |    145 |      0 |   1763 |   4 |  634.8 |
               +--------+--------+--------+--------+--------+-----+--------+

Top non-repeatable levels by time:
     D:3: 1011 daAuts
     D:2: 894 daAuts
     D:1: 599 daAuts
     D:4: 33 daAuts
